 Dungeon Crawl Stone Soup version 0.31-a0-145-g046c7d2549 (webtiles) character file.

Game seed: 1623948035461560153

6073 Faragor the Thaumaturge (level 10, -1/50 HPs)
             Began as a Deep Elf Conjurer on June 7, 2023.
             Was a Follower of Sif Muna.
             Succumbed to a hornet's poison
             ... on level 9 of the Dungeon.
             The game lasted 01:00:44 (17963 turns).

Faragor the Thaumaturge (Deep Elf Conjurer)        Turns: 17963, Time: 01:00:45

Health: -1/50      AC:  6    Str:  4    XL:     10   Next: 57%
Magic:  0/26       EV: 13    Int: 30    God:    Sif Muna [*.....]
Gold:   215        SH:  0    Dex: 13    Spells: 19/30 levels left

rFire   . . .        p - +5 sling of Zin's Brutal Revenge {freeze, rElec Int+2 Stlth+}
rCold   . . .        (no shield)
rNeg    . . .        a - +0 robe
rPois   .            c - +2 helmet
rElec   +            (no cloak)
rCorr   .            E - +0 pair of gloves
SInv    .            (no boots)
Will    +....        q - amulet of guardian spirit
Stlth   +++++        (no ring)
HPRegen 0.28/turn    (no ring)
MPRegen 0.20/turn

%: guardian spirit
@: lethally poisoned (-1 -> -9), slowed, very slow
A: no striking features
a: Renounce Religion, Channel Magic


You were on level 9 of the Dungeon.
You worshipped Sif Muna.
Sif Muna was aware of your devotion.
You visited 2 branches of the dungeon, and saw 10 of its levels.

You collected 467 gold pieces.
You spent 252 gold pieces at shops.

Inventory:

Hand Weapons
 j - a +1 quarterstaff
 p - the +5 sling of Zin's Brutal Revenge (weapon) {freeze, rElec Int+2 Stlth+}
   (You found it on level 2 of the Dungeon)

   Int:       It affects your intelligence (+2).
   rElec:     It insulates you from electricity.
   Stlth:     It makes you more stealthy.
 s - a +0 club
 v - a +0 dagger of protection
 C - a +3 short sword
Missiles
 u - 3 boomerangs of dispersal (quivered)
 w - 76 stones
Armour
 a - a +0 robe (worn)
 c - a +2 helmet (worn)
 e - a +0 pair of gloves
 E - a +0 pair of gloves (worn)
 G - a +0 troll leather armour
Magical Staves
 N - a staff of poison
Jewellery
 q - an amulet of guardian spirit (around neck)
 B - an amulet of faith
 J - a ring of resist corrosion
Wands
 i - a wand of polymorph (17)
 H - a wand of flame (13)
 I - a wand of digging (5)
 L - a wand of roots (6)
Scrolls
 b - 2 scrolls of vulnerability {unknown}
 g - a scroll of silence
 h - 2 scrolls of brand weapon
 k - 3 scrolls of fear {unknown}
 l - a scroll of noise {unknown}
 m - 2 scrolls of amnesia {unknown}
 n - a scroll of fog {unknown}
 o - a scroll of magic mapping {unknown}
 r - a scroll of enchant armour {unknown}
 t - 4 scrolls of teleportation {unknown}
 x - a scroll of poison {unknown}
 y - a scroll of identify
 M - a scroll of torment {unknown}
Potions
 d - 5 potions of curing
 f - 3 potions of brilliance
 z - a potion of mutation {unknown}
 A - a potion of magic
 F - a potion of degeneration {unknown}
 K - 2 potions of attraction {unknown}


   Skills:
 - Level 3.9 Dodging
 + Level 10.7 Stealth
 + Level 10.9 Spellcasting
 + Level 9.9 Conjurations
 + Level 9.8 Hexes


You had 19 spell levels left.
You knew the following spells:

 Your Spells              Type           Power      Damage    Failure   Level
a - Magic Dart            Conj           100%       1d8       1%          1
b - Searing Ray           Conj           100%       2d8       1%          2
c - Fulminant Prism       Conj/Hex       33%        3d15      1%          4
d - Iskenderun's Mystic   Conj/Tloc      46%        2d10      4%          4

Your spell library contained the following spells:

 Spells                   Type           Power      Damage    Failure   Level
 Shock                    Conj/Air       100%       1d9       1%          1
 Dazzling Flash           Conj/Hex       100%       N/A       1%          3
 Swiftness                Air            16%        N/A       10%         3
 Volatile Blastmotes      Fire/Tloc      32%        2d12      10%         3
 Airstrike                Air            8%         2d(2-18)  32%         4
 Starburst                Conj/Fire      23%        6d8       54%         6


Dungeon Overview and Level Annotations

Branches:
Dungeon (9/15)             Temple (1/1) D:6
   Lair: D:8-11         Orc: D:9-12

Altars:
Ashenzari
Cheibriados
Dithmenos
Elyvilon
Fedhas
Gozag
Hepliaklqana
Kikubaaqudgha
Makhleb
Nemelex Xobeh
Okawaru
Qazlal
Ru
Sif Muna
Trog
Uskayaw
Wu Jian
Xom
Yredelemnul
Zin
The Shining One

Shops:
D:6 (*   D:7 *!(=


Message History

The hornet is severely wounded.
You feel very sick. The hornet stings you!
* * * LOW HITPOINT WARNING * * *
You are lethally poisoned!
You suddenly lose the ability to move!
The hornet stings you but does no damage.
* * * LOW HITPOINT WARNING * * *
You feel very sick. The hornet stings you.
* * * LOW HITPOINT WARNING * * *
You feel as though you will be slow longer.
The hornet stings you.
* * * LOW HITPOINT WARNING * * *
You feel as though you will be slow longer.
* * * LOW HITPOINT WARNING * * *
You feel very sick.
The hornet stings you but does no damage.
You can move again.
You feel better. The hornet barely misses you. The hornet closely misses you.
The hornet stings you!
* * * LOW HITPOINT WARNING * * *
You feel as though you will be slow longer.
Casting: Searing Ray (safe; 1% risk of failure)
Confirm with . or Enter, or press ? or * to list all spells.
You don't know that spell.
Casting: Searing Ray (safe; 1% risk of failure)
Confirm with . or Enter, or press ? or * to list all spells.
Okay, then.
Magic courses through your body. The hornet stings you!
* * * LOW HITPOINT WARNING * * *
You shrug off the repeated paralysis!
The hornet stings you!
You are lethally poisoned!
You feel as though you will be slow longer.
Casting: Searing Ray (safe; 1% risk of failure)
Confirm with . or Enter, or press ? or * to list all spells.
You erupt in a blast of force!
The mystic blast hits the hornet!
You kill the hornet!
Sif Muna accepts your kill.
You die...

#.........#
.....#####.........#
..................##
.................##
................##
..(............##
..............##
#.....†......##
#......@....##
#..........##
#.........##
#........##
........## .(.....##
......# .....# :..#


There were no monsters in sight!

Vanquished Creatures
  A deep elf pyromancer (D:7)
  4 trolls
  A hornet (D:9)
  7 yaks
  A wraith (D:9)
  A steam dragon (D:8)
  An acid dragon (D:9)
  2 water moccasins (D:6)
  2 orc warriors (D:8)
  3 sky beasts
  2 black bears
  An ogre (D:6)
  2 centaurs
  A phantom (D:6)
  3 kobold brigands
  A gnoll sergeant (D:5)
  2 bullfrogs (D:7)
  2 scorpions (D:6)
  4 wights (D:8)
  5 killer bees (D:9)
  A howler monkey (D:8)
  5 hounds
  2 jellies
  7 orc priests
  A sleepcap (D:6)
  15 orc wizards
  4 iguanas
  10 adders
  6 gnolls (D:5)
  4 shadow imps
  3 white imps (D:7)
  An ufetubus (D:6)
  3 worms
  3 dart slugs
  33 orcs
  9 endoplasms
  A giant cockroach (D:1)
  6 goblins
  9 hobgoblins
  2 jackals (D:1)
  3 quokkas
  7 ball pythons
  6 bats
  9 frilled lizards
  19 kobolds
  11 rats
226 creatures vanquished.

Vanquished Creatures (others)
  51 fulminant prisms
51 creatures vanquished.

Grand Total: 277 creatures vanquished

Notes
Turn   | Place    | Note
-------+----------+-------------------------------------------
     0 | D:1      | Faragor the Deep Elf Conjurer began the quest for the Orb.
     0 | D:1      | Reached XP level 1. HP: 10/10 MP: 6/6
   225 | D:1      | Reached XP level 2. HP: 15/15 MP: 4/8
   799 | D:1      | Reached XP level 3. HP: 19/19 MP: 6/10
  1820 | D:2      | Identified the +5 sling of Zin's Brutal Revenge {freeze,
                  | rElec Int+2 Stlth+}
  2041 | D:2      | Reached XP level 4. HP: 24/24 MP: 4/11
  2761 | D:3      | Reached skill level 5 in Conjurations
  3294 | D:3      | Learned a level 2 spell: Searing Ray
  3299 | D:3      | Learned a level 4 spell: Fulminant Prism
  3443 | D:3      | Reached XP level 5. HP: 28/28 MP: 10/13
  4733 | D:4      | Reached skill level 1 in Hexes
  5064 | D:4      | Found a glowing golden altar of the Shining One.
  5068 | D:4      | Found an iron altar of Okawaru.
  5087 | D:4      | Found a snail-covered altar of Cheibriados.
  5089 | D:4      | Found a sparkling altar of Nemelex Xobeh.
  5089 | D:4      | Found a basalt altar of Yredelemnul.
  5089 | D:4      | Found a glowing silver altar of Zin.
  5089 | D:4      | Found a shimmering altar of Xom.
  5090 | D:4      | Found an ornate altar of the Wu Jian Council.
  5090 | D:4      | Found a burning altar of Makhleb.
  5092 | D:4      | Found a broken altar of Ashenzari.
  5094 | D:4      | Found a stormy altar of Qazlal.
  5413 | D:4      | Learned a level 4 spell: Iskenderun's Mystic Blast
  5423 | D:5      | Entered Level 5 of the Dungeon
  5443 | D:5      | Reached skill level 5 in Spellcasting
  5443 | D:5      | Reached XP level 6. HP: 32/32 MP: 8/15
  6214 | D:5      | Reached skill level 5 in Stealth
  6562 | D:5      | Reached XP level 7. HP: 36/36 MP: 12/17
  8144 | D:6      | Reached XP level 8. HP: 35/41 MP: 8/20
  8410 | D:6      | Reached skill level 5 in Hexes
  9168 | D:6      | Found Imed's CLEARANCE SALE!.
  9188 | D:6      | Found a staircase to the Ecumenical Temple.
  9660 | Temple   | Entered the Ecumenical Temple
  9721 | Temple   | Became a worshipper of Sif Muna the Loreminder
 10008 | D:6      | Found Kymagg Hire's Weapon Boutique.
 10071 | D:6      | Identified the +4 long sword of Roacs {flame, rPois rF++
                  | rCorr}
 11258 | D:7      | Found Ucwidur's Distillery.
 11264 | D:7      | Bought 2 potions of heal wounds for 120 gold pieces
 11273 | D:7      | Found Xeegag's Jewellery Boutique.
 11438 | D:7      | Noticed a deep elf pyromancer
 11471 | D:7      | Killed a deep elf pyromancer
 11472 | D:7      | Reached XP level 9. HP: 33/45 MP: 0/23
 11482 | D:7      | Noticed a troll
 11515 | D:7      | Noticed a troll
 11523 | D:7      | Found Plog's Antique Weapon Boutique.
 11533 | D:6      | Noticed a rust devil
 11533 | D:6      | Noticed a rust devil
 11778 | D:7      | Found Qyotek Ajuga's General Store.
 12209 | D:7      | Killed a troll
 12282 | D:7      | Killed a troll
 12785 | D:7      | Bought a potion of magic for 96 gold pieces
 12785 | D:7      | Bought a potion of curing for 36 gold pieces
 12938 | D:8      | Noticed a moth of wrath
 12942 | D:8      | Found a bloodstained altar of Trog.
 13787 | D:8      | Reached * piety under Sif Muna
 14013 | D:8      | Reached XP level 10. HP: 26/50 MP: 3/25
 15367 | D:9      | Reached skill level 10 in Spellcasting
 17053 | D:9      | Reached skill level 10 in Stealth
 17955 | D:9      | Paralysed by a hornet for 1 turns
 17958 | D:9      | Paralysed by a hornet for 3 turns
 17960 | D:9      | HP: 1/50 [poisoned by a hornet]
 17963 | D:9      | Succumbed to a hornet's poison

Illustrated notes

Levels and vault maps discovered:
D:1:      lemuel_arrival_room, layout_basic
D:2:      layout_basic
D:3:      layout_rooms, serial_aquarium, aquarium_bridge_island_small
          [aquarium_subvault_small_open, aquarium_subvault_window,
          aquarium_subvault_balcony, aquarium_subvault_bridge,
          aquarium_subvault_window], aquarium_bridge_straight
          [aquarium_subvault_bridge, aquarium_subvault_wall,
          aquarium_subvault_bridge, aquarium_subvault_wall],
          aquarium_window_corridor_3, aquarium_window_fake, aquarium_window_1,
          aquarium_window_fake, aquarium_view_2b, aquarium_view_2e,
          aquarium_balcony_3b, serial_bayou_crossing
D:4:      layout_rooms, minitemple
D:5:      layout_gridville
D:6:      cheibrodos_iron_armory, layout_layer_cave,
          minmay_temple_entry_stoned_glass, serial_shops, shop,
          nicolae_shop_clearance
D:7:      layout_loops_ring, serial_demonic, serial_demonic_f, serial_demonic_d,
          serial_demonic_b, serial_demonic_b, serial_shops, shop, shop,
          nicolae_shop_real_fake_doors, shop, kb_rosetta
D:8:      layout_loops_corners, tgw_trog, minmay_misc_feat_diagonals
D:9:      layout_big_octagon, lemuel_tele_altar, abandoned_shop
Temple:   nicolae_temple_cloud_nine

Skill      XL: |  1  2  3  4  5  6  7  8  9 10 |
---------------+-------------------------------+-----
Stealth        | 3 4 5 6 8 9 10 | 10.7
Dodging        | 3 |  3.9
Spellcasting   | 4 5 6 8 9 10 | 10.9
Conjurations   | 5 6 8 9 |  9.9
Hexes          | 1 3 4 7 8 9 |  9.8

Action                     |  1- 3 |  4- 6 |  7- 9 | 10-12 || total
---------------------------+-------+-------+-------+-------++-------
  Melee: Unarmed           |     1 |       |       |       ||     1
         Quarterstaff      |    17 |       |       |       ||    17
         Sling             |       |       |     3 |       ||     3
   Fire: Sling             |       |    14 |    17 |       ||    31
   Cast: Magic Dart        |    93 |   104 |   104 |    16 ||   317
         Searing Ray       |       |    10 |    42 |    25 ||    77
         Fulminant Prism   |       |     4 |    33 |    15 ||    52
         Iskenderun's Myst |       |       |     2 |     2 ||     4
    Use: Scroll            |       |     5 |       |       ||     5
         Potion            |       |     6 |     5 |     3 ||    14
 Armour: Robe              |    16 |     8 |    25 |    13 ||    62
  Dodge: Dodged            |    22 |    21 |    58 |    21 ||   122

Table legend: (Time is in decaauts)
 A = Elapsed time spent in this place.
 B = Non-inter-level travel time spent in this place.
 C = Inter-level travel time spent in this place.
 D = Time resting spent in this place.
 E = Time spent auto-exploring this place.
 F = Levels seen in this place.
 G = Mean time per level.
                   A        B        C        D        E       F      G
               +--------+--------+--------+--------+--------+-----+--------+
         Total |  17999 |  17533 |    466 |   9636 |   6015 |  10 | 1799.9 |
       Dungeon |  17828 |  17362 |    466 |   9536 |   5975 |   9 | 1980.9 |
        Temple |    170 |    170 |      0 |    100 |     40 |   1 |  170.0 |
               +--------+--------+--------+--------+--------+-----+--------+

Top non-repeatable levels by time:
     D:8: 4113 daAuts
     D:6: 3148 daAuts
     D:5: 2482 daAuts
     D:3: 1628 daAuts
     D:7: 1581 daAuts
     D:1: 1359 daAuts
     D:4: 1238 daAuts
     D:2: 1210 daAuts
     D:9: 1066 daAuts
  Temple: 170 daAuts
